 Dungeon Crawl Stone Soup version 0.30.1-4-g462c640d31 (webtiles) character file.

Game seed: 2158087558761987825

16661 FemmeMayhem the Bludgeoner (level 12, -4/110 HPs)
             Began as a Minotaur Berserker on Aug 13, 2023.
             Was an Elder of Trog.
             Killed from afar by a steam dragon (20 damage)
             ... with a ball of steam
             ... on level 3 of the Lair of Beasts.
             The game lasted 01:06:20 (12329 turns).

FemmeMayhem the Bludgeoner (Minotaur Berserker)    Turns: 12329, Time: 01:06:21

Health: -4/110     AC: 24    Str: 32    XL:     12   Next: 12%
Magic:  0/11       EV: 11    Int:  4    God:    Trog [****..]
Gold:   464        SH:  0    Dex: 11    Spells: 11/11 levels left

rFire   . . .        I - +3 flail (protect)
rCold   . . .        (no shield)
rNeg    . . .        J - +1 plate armour
rPois   .            U - +0 hat
rElec   .            s - +0 cloak
rCorr   .            M - +2 pair of gloves
SInv    .            L - +2 pair of boots
Will    ++...        V - amulet of guardian spirit Stlth
                     a - ring of flight
HPRegen 1.38/turn    y - +6 ring of strength
MPRegen 0.12/turn

%: guardian spirit
@: lethally poisoned (-4 -> -8), strong-willed, flying, regenerating
A: horns 2, retaliatory headbutt
a: Renounce Religion, Berserk, Trog's Hand, Brothers in Arms


You were on level 3 of the Lair of Beasts.
You worshipped Trog.
Trog was greatly pleased with you.
You visited 2 branches of the dungeon, and saw 12 of its levels.

You collected 674 gold pieces.
You spent 210 gold pieces at shops.

Inventory:

Hand Weapons
 I - a +3 flail of protection (weapon)
Missiles
 h - 4 atropa-tipped darts
 o - 112 stones
 z - 25 poisoned darts
 B - 3 curare-tipped darts (quivered)
 C - 12 boomerangs
 E - 3 throwing nets
Armour
 s - a +0 cloak (worn)
 J - a +1 plate armour (worn)
 L - a +2 pair of boots (worn)
 M - a +2 pair of gloves (worn)
 U - a +0 hat (worn)
Jewellery
 a - a ring of flight (left hand)
 e - an amulet of the acrobat
 y - a +6 ring of strength (right hand)
 N - a +5 ring of evasion
 P - a ring of resist corrosion
 S - a ring of poison resistance
 V - an amulet of guardian spirit (around neck)
Wands
 b - a wand of charming (9)
 q - a wand of flame (46)
 F - a wand of mindburst (20)
 G - a wand of light (4)
 K - a wand of digging (13)
 R - a wand of iceblast (3)
Scrolls
 f - 2 scrolls of amnesia
 g - 2 scrolls of immolation
 i - a scroll of brand weapon {unknown}
 j - 15 scrolls of teleportation
 m - a scroll of fear
 n - a scroll of vulnerability
 p - 2 scrolls of poison
 u - 2 scrolls of torment
 v - 2 scrolls of fog
 A - a scroll of noise
 D - a scroll of magic mapping
 O - a scroll of summoning
 Q - a scroll of silence {unknown}
Potions
 c - a potion of haste
 d - 7 potions of curing
 k - a potion of magic
 l - 3 potions of attraction
 r - 2 potions of heal wounds
 t - 3 potions of flight
 w - a potion of berserk rage {unknown}
 x - 5 potions of brilliance
 H - 3 potions of degeneration


   Skills:
 + Level 11.3 Fighting
 * Level 15.3 Maces & Flails
 + Level 11.0 Armour
 + Level 10.1 Dodging


You had 11 spell levels left.
You didn't know any spells.
Your spell library was empty.

Dungeon Overview and Level Annotations

Branches:
Dungeon (9/15)             Temple (0/1) D:5            Lair (3/5) D:9
 Shoals (0/4) Lair:2          Orc (0/2) D:9
  Snake: Lair:2-3    Spider: Lair:2-3

Altars:
Dithmenos
Elyvilon
Fedhas
Gozag
Kikubaaqudgha
Okawaru
Qazlal
Ru
Sif Muna
Uskayaw
Vehumet
Xom

Shops:
D:5 =   D:6 (


Innate Abilities, Weirdness & Mutations

You have a pair of horns on your head.
You reflexively headbutt those who attack you in melee.


Message History

The cane toad is engulfed in a cloud of scalding steam.
The steam dragon attacks as you move away!
The steam dragon barely misses you.
The steam dragon claws you but does no damage.
The cane toad attacks as you move away! The cane toad stings you!
* * * LOW HITPOINT WARNING * * *
You feel sick.
The cane toad stings you but does no damage.
Your skin crawls.
You feel strong-willed.
You feel sick. The steam dragon closely misses you. You furiously retaliate!
You headbutt the steam dragon!
The steam dragon claws you but does no damage.
The cane toad misses you.
The steam dragon attacks as you move away!
The steam dragon closely misses you.
The steam dragon claws you but does no damage.
The ice encasing you melts away.
You feel sick. The steam dragon breathes steam at you.
The ball of steam hits you!
* * * LOW HITPOINT WARNING * * *
The steam dragon breathes steam at you. The ball of steam hits you!
* * * LOW HITPOINT WARNING * * *
You are engulfed in a cloud of scalding steam.
* * * LOW HITPOINT WARNING * * *
You feel sick.
You feel much better.
You are engulfed in a cloud of scalding steam.
You feel sick.
You are no longer poisoned.
The cane toad stings you!
* * * LOW HITPOINT WARNING * * *
You are poisoned.
The cane toad poisons you!
The rime drake bites you but does no damage.
The steam dragon breathes steam at you. The ball of steam hits you!!
You die...

..........#######.#....
.#..>....# ##..... #
#......## ## #..... ..
##.....# #.# ##....
...##.....# #..###.....
.....§§§.## #...###...#
...#.§....# #.........#
.###§§§§.## ####......#
#..@..P# ###....#
##kDF.### ##....
#DD...P#######.....
#..................
#..................
#..................
#..........[.....P.
#.........†......##
#......#..##......#


You could see a cane toad, a rime drake and 3 steam dragons.

Vanquished Creatures
  Gastronok (Lair:2)
  2 boulder beetles
  A skyshark (Lair:2)
  A manticore (D:9)
  Joseph (D:9)
  A demonic crawler (Lair:2)
  A cane toad (Lair:2)
  A rime drake (D:9)
  8 komodo dragons (Lair:2)
  A polar bear (D:9)
  2 hornets
  Grinder (D:5)
  3 blink frogs (Lair:1)
  Sigmund (D:5)
  16 yaks
  2 wyverns (D:9)
  3 basilisks (Lair:2)
  A steam dragon (D:7)
  2 swamp worms (Lair:2)
  An acid dragon (D:9)
  5 water moccasins
  An orc warrior (D:7)
  4 black bears
  Duvessa (D:6)
  5 ice beasts
  2 sky beasts
  4 centaurs
  4 phantoms
  2 kobold brigands (D:8)
  8 bullfrogs
  A gnoll sergeant (D:9)
  2 scorpions
  9 wights
  Dowan (D:6)
  2 electric eels (Lair:2)
  6 hounds
  A jelly (D:6)
  A gnoll bouda (D:5)
  6 orc priests
  5 sleepcaps
  Ijyb (D:2)
  Natasha (thrice) (D:4)
  17 iguanas
  5 orc wizards
  12 gnolls
  9 adders
  2 shadow imps
  An ufetubus (D:7)
  2 worms
  A dart slug (D:3)
  19 orcs
  10 ball pythons
  3 endoplasms
  3 giant cockroaches
  13 goblins
  11 hobgoblins
  2 quokkas
  4 bats
  17 frilled lizards
  11 kobolds
  8 rats
  A butterfly (D:5)
275 creatures vanquished.

Notes
Turn   | Place    | Note
-------+----------+-------------------------------------------
     0 | D:1      | FemmeMayhem the Minotaur Berserker began the quest for the
                  | Orb.
     0 | D:1      | Reached XP level 1. HP: 19/19 MP: 0/0
   270 | D:1      | Reached XP level 2. HP: 27/27 MP: 1/1
   305 | D:1      | Reached skill level 4 in Maces & Flails
  1191 | D:2      | Found a shimmering altar of Xom.
  1275 | D:2      | Reached ** piety under Trog
  1276 | D:2      | Reached XP level 3. HP: 30/33 MP: 2/2
  1363 | D:2      | Noticed Ijyb
  1374 | D:2      | Killed Ijyb
  1497 | D:2      | Reached XP level 4. HP: 40/40 MP: 3/3
  1948 | D:3      | Noticed a centaur
  2262 | D:3      | Killed a centaur
  2263 | D:3      | Reached skill level 5 in Maces & Flails
  2263 | D:3      | Reached XP level 5. HP: 37/47 MP: 4/4
  2613 | D:3      | Found a faded altar of an unknown god.
  2752 | D:3      | Found a white marble altar of Elyvilon.
  3116 | D:4      | Noticed Natasha
  3132 | D:4      | Killed Natasha
  3153 | D:4      | Reached XP level 6. HP: 49/55 MP: 5/5
  3243 | D:4      | Reached skill level 6 in Maces & Flails
  3247 | D:4      | Noticed Natasha
  3269 | D:4      | Killed Natasha
  3270 | D:4      | Reached skill level 5 in Fighting
  3474 | D:4      | Noticed Natasha
  3482 | D:4      | Killed Natasha
  3748 | D:4      | Found a sacrificial altar of Ru.
  4035 | D:5      | Entered Level 5 of the Dungeon
  4060 | D:5      | Noticed an ice beast
  4103 | D:5      | Reached XP level 7. HP: 48/61 MP: 6/6
  4161 | D:5      | Found a staircase to the Ecumenical Temple.
  4162 | D:5      | Noticed Grinder
  4177 | D:5      | Killed Grinder
  4178 | D:5      | Reached skill level 7 in Maces & Flails
  4178 | D:5      | Reached skill level 5 in Armour
  4258 | D:5      | Noticed Sigmund
  4270 | D:5      | Killed Sigmund
  4376 | D:5      | Reached XP level 8. HP: 70/70 MP: 7/7
  4448 | D:5      | Reached skill level 8 in Maces & Flails
  4448 | D:5      | Reached skill level 5 in Dodging
  4496 | D:5      | Reached *** piety under Trog
  4618 | D:5      | Found an iron altar of Okawaru.
  4623 | D:5      | Found a shadowy altar of Dithmenos.
  4861 | D:5      | Found Xila's Jewellery Shoppe.
  4869 | D:5      | Bought a ring of flight for 210 gold pieces
  5081 | D:6      | Reached skill level 9 in Maces & Flails
  5194 | D:6      | Noticed Duvessa
  5204 | D:6      | Noticed Dowan
  5208 | D:6      | Killed Duvessa
  5217 | D:6      | Killed Dowan
  5218 | D:6      | Reached XP level 9. HP: 64/79 MP: 8/8
  5353 | D:6      | Found an opulent altar of Gozag.
  5534 | D:6      | Found Amuch's Firing Range.
  5659 | D:6      | Reached skill level 10 in Maces & Flails
  6533 | D:7      | Reached **** piety under Trog
  6561 | D:7      | Reached skill level 11 in Maces & Flails
  6654 | D:7      | Found a blossoming altar of Fedhas.
  6654 | D:7      | Found a radiant altar of Vehumet.
  6756 | D:7      | Found a shimmering blue altar of Sif Muna.
  7251 | D:8      | Found a stormy altar of Qazlal.
  7469 | D:8      | Found a hide-covered altar of Uskayaw.
  7549 | D:8      | Reached XP level 10. HP: 85/90 MP: 9/9
  7786 | D:8      | Found an ancient bone altar of Kikubaaqudgha.
  8403 | D:9      | Noticed Joseph
  8408 | D:9      | Reached skill level 12 in Maces & Flails
  8419 | D:9      | Killed Joseph
  8508 | D:9      | Found a staircase to the Lair.
  8510 | D:9      | Identified the +2 leather armour of Least Resistance {rElec
                  | Str+3 Int+3}
  8765 | D:9      | Found a staircase to the Orcish Mines.
  8889 | D:9      | Noticed a manticore
  8898 | D:9      | Killed a manticore
  9054 | D:9      | Reached skill level 13 in Maces & Flails
  9165 | Lair:1   | Entered Level 1 of the Lair of Beasts
  9442 | Lair:1   | Reached XP level 11. HP: 68/99 MP: 10/10
  9661 | Lair:1   | Noticed a boulder beetle
  9681 | Lair:1   | Killed a boulder beetle
  9682 | Lair:1   | Reached skill level 10 in Fighting
 10191 | Lair:2   | Noticed a boulder beetle
 10435 | Lair:2   | Noticed a skyshark
 10456 | Lair:2   | Killed a skyshark
 10627 | Lair:2   | Reached skill level 10 in Armour
 10692 | Lair:2   | Reached skill level 14 in Maces & Flails
 10981 | Lair:2   | Found a staircase to the Shoals.
 11236 | Lair:2   | Identified the +1 shortbow of Certain Death {freeze, rC+}
 11446 | Lair:2   | Killed a boulder beetle
 11602 | Lair:2   | Noticed Gastronok
 11616 | Lair:2   | Killed Gastronok
 11873 | Lair:2   | Reached skill level 15 in Maces & Flails
 11911 | Lair:2   | Reached XP level 12. HP: 108/110 MP: 11/11
 11970 | Lair:2   | Reached skill level 10 in Dodging
 12329 | Lair:3   | Killed from afar by a steam dragon

Illustrated notes

Levels and vault maps discovered:
D:1:      psy_arrival_radial01, layout_basic
D:2:      kennysheep_the_goblin_king, layout_basic, basic_altar
D:3:      layout_loops_corners, elyvilon_altar_3,
          hellmonk_ecumenical_altar_run_dry
D:4:      layout_loops_ring, nicolae_ru_the_path_less_chosen, uniq_natasha
D:5:      layout_rooms, mainiacjoe_overflow_big_doors,
          minmay_temple_entry_butterflies, serial_shops,
          nicolae_shop_pleasant_corner_grove, uniq_sigmund, uniq_grinder
D:6:      layout_basic, nicolae_gozag_cash_rules_everything_around_me,
          nicolae_shop_firing_range, uniq_duvessa
D:7:      layout_basic, nicolae_overflow_hidden_temple,
          gammafunk_temple_overflow_statue, nicolae_titane
D:8:      layout_basic, mainiacjoe_overflow_chevrons, grunt_qazlal_sundering,
          nicolae_uskayaw_murder_on_the_dancefloor, small_statue_intersection
D:9:      layout_loops_cross, hellmonk_lair_entry_icy, orc_0_dummy, uniq_joseph
Lair:1:   layout_roguey, grunt_megastairs_1
Lair:2:   lemuel_reptile_caves, layout_misc_corridors, elwin_shoals_entry_rocks,
          worms_lemuel, uniq_gastronok
Lair:3:   layout_regular_city, nicolae_snake_entry_warm_welcome,
          bobbens_dragon_lair_wall

Skill      XL: |  1  2  3  4  5  6  7  8  9 10 11 12 |
---------------+-------------------------------------+-----
Maces & Flails | 4 5 6 7 9 11 13 15 | 15.3
Fighting       | 4 5 6 7 8 9 11 | 11.3
Armour         | 3 4 5 6 8 9 10 11 | 11.0
Dodging        | 3 4 6 7 8 9 10 | 10.1

Action                     |  1- 3 |  4- 6 |  7- 9 | 10-12 || total
---------------------------+-------+-------+-------+-------++-------
  Melee: Mace              |    73 |    73 |       |       ||   146
         Headbutt          |    14 |    14 |    45 |    76 ||   149
         Flail             |       |    59 |   278 |   369 ||   706
         Punch             |       |     1 |       |     4 ||     5
  Throw: Dart              |       |       |       |     2 ||     2
 Invoke: Berserk           |     1 |     1 |     3 |     8 ||    13
         Trog's Hand       |       |     1 |       |     2 ||     3
    Use: Scroll            |       |     2 |    14 |     9 ||    25
         Potion            |       |       |       |     1 ||     1
   Stab: Sleeping          |     1 |       |       |       ||     1
 Armour: Animal skin       |     6 |       |       |       ||     6
         Chain mail        |    16 |    73 |    72 |       ||   161
         Plate armour      |       |       |    82 |   171 ||   253
  Dodge: Dodged            |    29 |    39 |   110 |   179 ||   357
